 Dungeon Crawl Stone Soup version 0.20.1-1-g8b1a95d (webtiles) character file.

52 letownia2 the Grave Robber (level 3, -2/28 HPs)
             Began as a Deep Dwarf Necromancer on Dec 14, 2017.
             Slain by a worker ant (6 damage)
             ... on level 4 of the Dungeon.
             The game lasted 00:02:54 (987 turns).

letownia2 the Grave Robber (Deep Dwarf Necromancer)  Turns: 987, Time: 00:02:54

Health: -2/28      AC:  2    Str: 11    XL:     3   Next: 60%
Magic:  7/7        EV: 12    Int: 16    God:
Gold:   61         SH:  0    Dex: 13    Spells: 3/7 levels left

rFire    . . .     SeeInvis .   a - +0 dagger
rCold    . . .     Gourm    .   (no shield)
rNeg     . . .     Faith    .   e - +0 robe
rPois    .         Spirit   .   (no helmet)
rElec    .         Reflect  .   (no cloak)
rCorr    .         Harm     .   (no gloves)
MR       .....                  (no boots)
Stlth    ++........             (no amulet)
Regen    0.0/turn               (no ring)
MPRegen  0.1/turn               (no ring)

@: non-regenerating
A: damage resistance, heal wounds, sense surroundings 1, no regeneration
a: Heal Wounds


You were on level 4 of the Dungeon.
You were not hungry.

You visited 1 branch of the dungeon, and saw 4 of its levels.

You collected 61 gold pieces.

Inventory:

Hand Weapons
 a - a +0 dagger (weapon)
 i - a +0 battleaxe
Armour
 e - a +0 robe (worn)
Jewellery
 j - an uncursed ring of ice
Wands
 k - a wand of disintegration (7/24)
Scrolls
 g - a scroll of teleportation
Potions
 d - a potion of agility {unknown}
 f - a potion of degeneration {unknown}
 l - a potion of heal wounds {unknown}
Books
 b - a book of Necromancy

   Spells                             Type                      Level
   a - Pain                           Necromancy                   1
   b - Animate Skeleton               Necromancy                   1
   c - Vampiric Draining              Necromancy                   3
   d - Regeneration                   Charms/Necromancy            3
   e - Animate Dead                   Necromancy                   4
   f - Control Undead                 Necromancy                   4
Comestibles
 c - 2 bread rations
 h - a chunk of flesh


   Skills:
 - Level 2.1 Dodging
 - Level 2.4 Stealth
 + Level 2.6 Spellcasting
 + Level 5.2 Necromancy


You had 3 spell levels left.
You knew the following spells:

 Your Spells              Type           Power        Failure   Level  Hunger
a - Pain                  Necr           ###.         2%          1    #......
v - Vampiric Draining     Necr           ###.......   7%          3    ###....


Dungeon Overview and Level Annotations

Branches:
Dungeon (4/15)
 Temple: D:4-7

Altars:

Shops:
D:4 [


Innate Abilities, Weirdness & Mutations

You are resistant to damage.
You can heal yourself by infusing magical energy.
You passively map a small area around you.
You do not regenerate.


Message History

Adjust to which letter? v - Vampiric Draining You see here an adder corpse.
You butcher the adder corpse.
h - 2 chunks of flesh You start resting.
Eating one of 2 chunks of flesh.
You eat one of the 2 chunks of flesh.
This raw flesh tastes terrible.
You are no longer poisoned.
Unknown command.
You start resting.
Magic restored.
Unknown command.
A phantom comes into view.
Things that are here:
a battleaxe; a fizzy red potion
i - a battleaxe;
l - a fizzy red potion A worker ant comes into view.
Found Gurhohorph's Armour Boutique.
The worker ant bites you!
You die...

,,,,,,,,,,* *,* *,*,*,,,,*,*,
,,,,,,,,,,* #.####.#,***,,*,*,
,,,,,,,,..######......*,,,,,,*,*,
,,,,,,,,...........∩.#*****,**,*,
,,,,,,,,.............#,,,,,,**<*,
,,,,,,,,.............#,***,,,,,,,
,,,,,,,,,............#,* *,*,****
,,,,,,,,,............#,* *,*,,,,,
,,,,,,,,,****#.a@.#***,***,**,**,
,,,,,,,,,* ##....# *,,,*,**,**,
,,,,,,,,,* #.....#*****,*,,,,,,,
,*,******* #.#.###*,,,,,*****,**
_,,* #.#.# *,***** *,,* ,***
#.#.# *,,*********,* ,,* #.#.#
****,*,*,,,,,, *,* #.#.#
*,*,*,*,****, *,* #.#.#
***,*,,,*,* *,


You could see a worker ant.

Vanquished Creatures
  A centaur skeleton (D:4)
  An adder (D:4)
  A leopard gecko (D:3)
  4 hobgoblins
  3 frilled lizards
  5 kobolds
  A rat (D:1)
16 creatures vanquished.

Notes
Turn   | Place    | Note
-------+----------+-------------------------------------------
     0 | D:1      | letownia2 the Deep Dwarf Necromancer began the quest for the Orb.
     0 | D:1      | Reached XP level 1. HP: 15/15 MP: 3/3
   404 | D:1      | Reached XP level 2. HP: 17/22 MP: 1/5
   907 | D:4      | Reached skill level 5 in Necromancy
   907 | D:4      | Reached XP level 3. HP: 7/28 MP: 6/6
   917 | D:4      | Learned a level 3 spell: Vampiric Draining
   970 | D:4      | Noticed a phantom
   985 | D:4      | Found Gurhohorph's Armour Boutique.
   987 | D:4      | Slain by a worker ant

Skill      XL: |  1  2 |
---------------+-------+-----
Spellcasting   | 2 |  2.6
Necromancy     | 5 |  5.2
Dodging        | |  2.1
Stealth        | |  2.4

Action                   || total
-------------------------++-------
Melee: Unarmed           ||     5
 Cast: Pain              ||    37
Evoke: Wand              ||     2
  Use: Scroll            ||     3
  Eat: Chunk             ||     1
Armor: Robe              ||     2
Dodge: Dodged            ||    12
